 Dungeon Crawl Stone Soup version 0.29.1-12-g30fa7ad0bf (webtiles) character file.

Game seed: 13991487206008002506

1775 haze1103 the Cleaver (level 8, 0/64 HPs)
             Began as a Minotaur Berserker on Jan 6, 2023.
             Was a Priest of Trog.
             Killed from afar by a white imp (8 damage)
             ... with a puff of frost
             ... on level 7 of the Dungeon.
             The game lasted 00:15:49 (5394 turns).

haze1103 the Cleaver (Minotaur Berserker)           Turns: 5394, Time: 00:15:49

Health: 0/64       AC: 11    Str: 27    XL:     8   Next: 80%
Magic:  7/7        EV: 10    Int:  4    God:    Trog [***...]
Gold:   163        SH:  0    Dex: 10    Spells: 7/7 levels left

rFire   . . .      SeeInvis +   C - +2 hand axe (flame)
rCold   . . .      Faith    .   (no shield)
rNeg    . . .      Spirit   .   a - +5 scale mail of the Gardener {Str+3}
rPois   +          Reflect  .   (helmet restricted)
rElec   .          Harm     .   (no cloak)
rCorr   .          Rampage  .   (no gloves)
Will    .....                   (no boots)
Stlth   ..........              (no amulet)
HPRegen 0.20/turn               x - ring of see invisible
MPRegen 0.10/turn               t - ring of poison resistance

@: no status effects
A: horns 2, retaliatory headbutt
a: Renounce Religion, Berserk, Trog's Hand


You were on level 7 of the Dungeon.
You worshipped Trog.
Trog was most pleased with you.
You visited 1 branch of the dungeon, and saw 7 of its levels.

You collected 334 gold pieces.
You spent 171 gold pieces at shops.

Inventory:

Hand Weapons
 w - a +0 hand axe of freezing
 C - a +2 hand axe of flaming (weapon)
Missiles
 y - 6 poisoned darts (quivered)
 B - 5 atropa-tipped darts
Armour
 a - the +5 scale mail of the Gardener (worn) {Str+3}
   (You found it on level 5 of the Dungeon)

   Str:       It affects your strength (+3).
 v - a +0 chain mail
Jewellery
 d - a ring of ice
 t - a ring of poison resistance (right hand)
 x - a ring of see invisible (left hand)
Wands
 q - a wand of polymorph (6)
Scrolls
 e - 4 scrolls of teleportation
 i - a scroll of fear {unknown}
 j - 3 scrolls of enchant armour {unknown}
 k - a scroll of enchant weapon {unknown}
 l - a scroll of summoning {unknown}
 m - a scroll of silence {unknown}
 r - a scroll of blinking {unknown}
 s - a scroll of magic mapping {unknown}
 z - 2 scrolls of poison {unknown}
 A - 2 scrolls of noise
Potions
 b - 2 potions of haste
 c - a potion of lignification
 f - 2 potions of mutation
 g - a potion of attraction
 h - a potion of cancellation
 o - 2 potions of might
 p - a potion of invisibility
 u - 2 potions of heal wounds {unknown}
 D - a potion of flight


   Skills:
 - Level 3.6 Fighting
 + Level 10.8 Axes
 + Level 7.3 Throwing
 - Level 2.4 Armour
 - Level 2.1 Dodging
 - Level 0.5 Stealth


You had 7 spell levels left.
You didn't know any spells.
Your spell library was empty.

Dungeon Overview and Level Annotations

Branches:
Dungeon (7/15)             Temple (0/1) D:4

Altars:
Ru
Uskayaw
Vehumet
Wu Jian
Yredelemnul

Shops:
D:3 :   D:6 *

Annotations:
D:6 exclusion: statue


Innate Abilities, Weirdness & Mutations

You have a pair of horns on your head.
You reflexively headbutt those who attack you in melee.


Message History

You hit the shadow imp. You burn the shadow imp.
The shadow imp is heavily wounded.
The shadow imp barely misses you.
You hit the shadow imp. You burn the shadow imp.
Your headbutt misses the shadow imp.
The shadow imp is almost dead.
The shadow imp grins evilly.
The shadow imp gestures at you. Pain shoots through your body!
You hit the shadow imp. You burn the shadow imp.
You kill the shadow imp!
Trog accepts your kill.
A goblin comes into view. It is wielding a +0 spear.
The goblin shouts!
The goblin barely misses you.
A white imp comes into view.
You closely miss the goblin.
The white imp shouts, "Turn tail, thou loggerheaded boil-brained pignut!"
Your headbutt misses the goblin. You hit the goblin. You burn the goblin.
You kill the goblin!
Trog accepts your kill.
Things that are here:
a +0 spear; a scroll of teleportation; a goblin corpse The white imp closely misses you.
You hit the white imp but do no damage. Your headbutt misses the white imp.
You hit the ice beast but do no damage.
You hear the faint creaking of a very distant portcullis.
The ice beast closely misses you. The white imp closely misses you.
You barely miss the ice beast. You hit the white imp. You burn the white imp.
You completely miss the ice beast. You barely miss the white imp.
The white imp hits you. The white imp freezes you. The ice beast hits you.
* * * LOW HITPOINT WARNING * * *
The ice beast freezes you!
* * * LOW HITPOINT WARNING * * *
You hit the ice beast but do no damage. You hit the white imp but do no damage.
The ice beast hits you but does no damage.
The white imp gestures at you. The puff of frost hits you!
You die...

#........ ...##.....
#........ .........
#........ .........
#........ .........
##........ ..>.....##
###............
Y........####.#............
.........5.........##......
.........Y@..)..#..##......
#......####)....#....... ..
#...... #............##..
##..... #....†...###.....
#..... #........#.†.....
#...... #................
###.... #..).............
#.... #............†...
#................


You could see an ice beast and a white imp.

Vanquished Creatures
  Duvessa (D:6)
  A water moccasin (D:6)
  An ice beast (D:7)
  2 black bears
  A sky beast (D:6)
  A necrophage (D:7)
  2 bullfrogs (D:7)
  4 scorpions
  Dowan (D:6)
  3 howler monkeys (D:7)
  2 jellies (D:4)
  4 hounds
  3 orc priests (D:5)
  2 iguanas
  4 orc wizards
  Robin (D:3)
  4 adders
  A shadow imp (D:7)
  7 white imps (D:7)
  An ufetubus (D:5)
  2 worms
  A dart slug (D:5)
  17 orcs
  6 bats
  4 endoplasms
  3 giant cockroaches
  13 goblins
  10 hobgoblins
  2 jackals (D:1)
  7 quokkas
  9 ball pythons
  5 frilled lizards
  7 kobolds
  4 rats
136 creatures vanquished.

Vanquished Creatures (others)
  6 demonic plants (D:7)
  2 fungi (D:5)
8 creatures vanquished.

Grand Total: 144 creatures vanquished

Notes
Turn   | Place    | Note
-------+----------+-------------------------------------------
     0 | D:1      | haze1103 the Minotaur Berserker began the quest for the
                  | Orb.
     0 | D:1      | Reached XP level 1. HP: 19/19 MP: 0/0
    78 | D:1      | Reached skill level 4 in Axes
   204 | D:1      | Reached XP level 2. HP: 26/26 MP: 1/1
   855 | D:2      | Reached skill level 5 in Axes
   990 | D:2      | Reached XP level 3. HP: 31/31 MP: 2/2
  1479 | D:2      | Found a faded altar of an unknown god.
  1539 | D:3      | Reached ** piety under Trog
  1592 | D:3      | Noticed Robin
  1607 | D:3      | Killed Robin
  1608 | D:3      | Reached XP level 4. HP: 30/39 MP: 3/3
  1666 | D:3      | Reached skill level 6 in Axes
  1834 | D:3      | Found Leus's Book Boutique.
  2258 | D:4      | Found a basalt altar of Yredelemnul.
  2303 | D:4      | Reached skill level 1 in Throwing
  2418 | D:4      | Found a staircase to the Ecumenical Temple.
  2501 | D:4      | Reached XP level 5. HP: 42/45 MP: 4/4
  2752 | D:4      | Reached skill level 7 in Axes
  3149 | D:5      | Entered Level 5 of the Dungeon
  3174 | D:5      | Reached XP level 6. HP: 46/51 MP: 5/5
  4067 | D:5      | Identified the +5 scale mail of the Gardener {Str+3}
  4093 | D:5      | Found a hide-covered altar of Uskayaw.
  4192 | D:5      | Reached skill level 8 in Axes
  4192 | D:5      | Reached XP level 7. HP: 51/57 MP: 6/6
  4489 | D:6      | Noticed Dowan
  4494 | D:6      | Noticed Duvessa
  4506 | D:6      | Killed Duvessa
  4508 | D:6      | Killed Dowan
  4511 | D:6      | Reached skill level 9 in Axes
  4511 | D:6      | Reached skill level 5 in Throwing
  4556 | D:6      | Found an ornate altar of the Wu Jian Council.
  4628 | D:6      | Found a radiant altar of Vehumet.
  4650 | D:6      | Reached XP level 8. HP: 44/64 MP: 7/7
  4779 | D:6      | Found Guevaomm's Assorted Antiques.
  4787 | D:6      | Bought a scroll of identify for 58 gold pieces
  4787 | D:6      | Bought a scroll labelled ROCAGUM TONK for 29 gold pieces
  4787 | D:6      | Bought a coppery potion for 26 gold pieces
  4787 | D:6      | Bought 2 scrolls labelled DANWEV ZAGO for 58 gold pieces
  4834 | D:6      | Found a sacrificial altar of Ru.
  5205 | D:7      | Reached *** piety under Trog
  5208 | D:7      | Reached skill level 10 in Axes
  5394 | D:7      | Killed from afar by a white imp

Illustrated notes

Levels and vault maps discovered:
D:1:      dpeg_arrival_simpleton_c, layout_rooms, nicolae_eternal_life,
          dreamdust_wishing_well
D:2:      layout_loops_cross, hellmonk_ecumenical_altar_leap_of_faith
D:3:      layout_rooms, serial_shops, shop, minmay_misc_feat_square, uniq_robin
D:4:      layout_loops_cross, mainiacjoe_overflow_cross_hatched,
          minmay_temple_entry_overgrown, minmay_statues_item
D:5:      layout_loops_ring, nicolae_uskayaw_murder_on_the_dancefloor,
          serial_aquarium, aquarium_bridge_square [aquarium_subvault_wall,
          aquarium_subvault_bridge, aquarium_subvault_bridge,
          aquarium_subvault_bridge], aquarium_bridge_long_joined
          [aquarium_subvault_bridge, aquarium_subvault_wall,
          aquarium_subvault_balcony, aquarium_subvault_wall,
          aquarium_subvault_bridge, aquarium_subvault_bridge],
          aquarium_window_2, aquarium_window_3, aquarium_window_1,
          aquarium_view_2b
D:6:      layout_cave_pools, vehumet_statue, nicolae_ru_path_of_blood,
          lemuel_round_altar, serial_shops, nicolae_square_shop, uniq_duvessa
D:7:      layout_cave_pools, mainiacjoe_overflow_alcove_1, enter_bailey_5,
          serial_demonic, serial_demonic_g, serial_demonic_a, serial_demonic_a,
          serial_demonic_d, serial_demonic_a, serial_demonic_c

Skill      XL: |  1  2  3  4  5  6  7  8 |
---------------+-------------------------+-----
Axes           | 4 5 6 7 8 9 10 | 10.8
Throwing       | 1 2 4 5 7 |  7.3
Fighting       | |  3.6
Armour         | |  2.4
Dodging        | |  2.1
Stealth        | |  0.5

Action                   |  1- 3 |  4- 6 |  7- 9 || total
-------------------------+-------+-------+-------++-------
Melee: Hand axe          |    85 |   150 |   142 ||   377
       Headbutt          |    12 |    23 |    16 ||    51
       Punch             |     3 |     3 |     3 ||     9
Throw: Dart              |       |     1 |     9 ||    10
Invok: Trog's Hand       |       |     1 |     1 ||     2
       Berserk           |       |     1 |     2 ||     3
  Use: Scroll            |       |     6 |     7 ||    13
Armor: Animal skin       |     7 |       |       ||     7
       Scale mail        |    13 |     6 |    39 ||    58
       Chain mail        |       |    45 |    11 ||    56
       Skin              |       |       |     5 ||     5
Dodge: Dodged            |    55 |    58 |    55 ||   168
